Map: Redstorm

Players

NoobTeam

  • Race: Terran Terran
  • League: Platinum
  • Spawn Location: 1:00

StarChild

  • Race: Protoss Protoss
  • Spawn Location: 1:00

ILIEKEGGPIE - Winner!

  • Race: Protoss Protoss
  • League: Platinum
  • Spawn Location: 7:00

Akila - Winner!

  • Race: Protoss Protoss
  • Spawn Location: 7:00

VOD

Have the link to the VOD?

Description

Time

  • Played on: May 22, 2018, 7:49 p.m.
  • Length: 14:36
Show
View Real Time Build Order
Export as new Build Order

NoobTeam Terran 

Build Orders: Reaper Expand 

Get SALT Encoding   

  12  0:01  SCV  
  13  0:13  SCV  
  14  0:19  Supply Depot  
  14  0:25  Refinery  
  14  0:28  SCV  
  15  0:42  Barracks  
  15  0:48  SCV  
  16  0:58  Supply Depot  
  16  1:04  SCV  
  17  1:20  SCV  
  18  1:32  Reaper  
  19  1:35  Orbital Command  
  19  2:00  Factory  
  19  2:03  SCV  
  20  2:29  Command Center  
  20  2:30  SCV  
  20  2:34  Refinery  
  20  2:36  Barracks Reactor  
  21  2:42  SCV  
  22  2:51  Starport  
  22  2:55  SCV  
  23  3:00  Factory Tech Lab  
  23  3:07  SCV  
  24  3:20  SCV  
  24  3:28  Siege Tank  
  24  3:33  Starport Reactor  
  27  3:34  Marine x2  
  29  3:44  Refinery  
  30  3:49  Orbital Command  
  30  3:51  SCV  
  30  3:53  Barracks  
  30  3:55  Marine x2  
  31  4:02  Siege Tank  
  35  4:07  SCV  
  36  4:16  SCV  
  37  4:22  Medivac  
  39  4:25  Marine x2  
  41  4:39  SCV  
  41  4:40  SCV  
  41  4:41  Barracks  
  41  4:42  Barracks Tech Lab  
  43  4:55  Engineering Bay  
  43  4:57  SCV x2  
  43  4:59  Engineering Bay  
  45  5:08  Supply Depot  
  45  5:11  Supply Depot x2  
  45  5:12  SCV  
  46  5:29  Marine x2  
  46  5:30  Medivac, Siege Tank, Barracks Reactor, SCV  
  46  5:32  Medivac  
  56  5:38  Refinery  
  56  5:42  SCV  
  55  5:43  SCV  
  36  6:56  Marine x2  
  38  7:02  Orbital Command  
  38  7:03  Raven  
  40  7:15  Cyclone x2  
  46  7:21  Barracks Reactor  
  46  7:23  Terran Infantry Weapons Level 1  
  46  7:51  Marine, SCV  
  46  7:52  Marine  
  41  8:18  Orbital Command  
  26  8:47  Starport Tech Lab  
  17  9:16  Barracks Reactor  
  14  9:21  Marine x2  
  10  9:58  SCV  
  11  10:10  Hellion x2, SCV  
  11  10:11  Marine x2  
  11  10:13  Marine x2  
  20  10:26  Marine  
  21  10:32  Hellion  
  23  10:46  Command Center  
  23  10:48  Orbital Command  
  23  10:50  Supply Depot  
  23  10:54  Marine x2  
  22  11:00  Hellion  
  16  11:14  SCV  
  17  11:26  SCV  
  17  11:31  Missile Turret  
  18  11:36  Marine x2  
  18  11:39  Marine x2  
  22  11:52  Missile Turret  
  22  11:57  SCV  
  23  12:02  Orbital Command  
  23  12:08  Marine x2  
  24  12:10  Marine x2  
  24  12:13  Missile Turret  
  27  12:33  SCV  
  27  12:36  SCV  
  29  12:42  Marine x2, Missile Turret  
  31  12:45  Marine x2, SCV  
  31  12:48  SCV  
  35  12:52  Hellion  
  35  12:57  Refinery  
  37  13:04  Missile Turret  
  37  13:09  Hellion  
  15  13:48  Marine x2  
  13  13:49  Hellion  
  13  13:50  Hellion  
  17  14:11  Hellion x2  
Show
View Real Time Build Order
Export as new Build Order

StarChild Protoss 

Build Orders:  

Get SALT Encoding   

  12  0:02  Probe  
  13  0:14  Probe  
  13  0:20  Pylon  
  14  0:26  Probe  
  15  0:33  Assimilator  
  15  0:39  Probe  
  16  0:44  Gateway  
  16  0:51  Probe  
  17  1:03  Probe  
  18  1:11  Pylon  
  18  1:20  Gateway  
  18  1:23  Probe  
  19  1:35  Probe  
  19  1:38  Cybernetics Core  
  20  1:44  Probe  
  20  1:51  Assimilator  
  21  2:00  Probe, Pylon  
  22  2:14  Probe  
  23  2:16  Warp Gate  
  23  2:17  Stalker  
  23  2:19  Stalker  
  27  2:38  Pylon  
  27  2:41  Probe  
  28  2:57  Nexus  
  28  3:05  Stalker  
  30  3:12  Stalker  
  32  3:34  Twilight Council  
  32  3:56  Stalker x2, Probe  
  32  4:00  Forge  
  33  4:04  Probe  
  38  4:11  Probe  
  38  4:12  Probe  
  40  4:20  Blink  
  40  4:24  Probe  
  40  4:29  Pylon  
  41  4:41  Pylon  
  41  4:42  Gateway  
  41  4:46  Photon Cannon  
  41  4:48  Protoss Ground Weapons Level 1  
  41  4:52  Probe  
  42  4:53  Probe  
  43  5:05  Assimilator  
  43  5:06  Photon Cannon  
  43  5:13  Photon Cannon  
  43  5:21  Stalker  
  45  5:23  Stalker  
  47  5:34  Probe  
  47  5:35  Probe  
  49  5:46  Forge  
  49  6:08  Robotics Facility  
  49  6:11  Probe x2  
  51  6:14  Assimilator  
  51  6:16  Stalker x2  
  51  6:17  Stalker  
  57  6:40  Stalker  
  57  6:41  Stalker x2  
  63  6:49  Observer  
  60  7:04  Stalker x3  
  66  7:19  Protoss Ground Weapons Level 2  
  66  7:20  Protoss Ground Armor Level 1  
  66  7:23  Observer  
  65  7:41  Stalker  
  65  7:42  Stalker  
  65  7:43  Stalker  
  71  7:45  Observer  
  72  8:00  Photon Cannon  
  72  8:08  Stalker  
  72  8:09  Stalker  
  72  8:10  Stalker  
  56  9:00  Stalker x3  
  46  9:30  Stalker x2  
  50  9:31  Stalker  
  52  9:54  Stalker x2  
  52  10:14  Immortal  
  50  10:23  Stalker x3  
  60  10:29  Robotics Facility  
  60  10:37  Protoss Ground Weapons Level 3  
  60  10:38  Gateway  
  60  10:39  Protoss Ground Armor Level 2, Gateway  
  60  10:41  Gateway  
  60  10:44  Probe x2  
  60  10:45  Immortal  
  62  10:56  Probe x2  
  68  11:10  Immortal  
  68  11:13  Stalker x3  
  78  11:41  Pylon  
  78  11:42  Pylon  
  78  11:44  Pylon  
  78  11:48  Templar Archives  
  78  11:59  Probe x2, Dark Shrine  
  80  12:06  Pylon  
  80  12:09  Stalker, Immortal x2  
  80  12:10  Stalker x4  
  80  12:11  Stalker  
  100  12:38  High Templar  
  102  12:48  Nexus  
  102  12:49  High Templar  
  104  12:55  Archon  
  66  13:48  Dark Templar  
  66  13:49  Dark Templar x3  
  56  14:21  Stalker x2  
  56  14:23  Probe x2  
Show
View Real Time Build Order
Export as new Build Order

ILIEKEGGPIE Protoss - Winner!

Build Orders:  

Get SALT Encoding   

  12  0:00  Probe  
  13  0:13  Probe  
  14  0:20  Pylon  
  14  0:24  Probe  
  15  0:34  Probe  
  15  0:41  Gateway  
  16  0:42  Probe  
  17  0:50  Assimilator  
  17  0:54  Probe  
  18  1:01  Assimilator  
  18  1:06  Probe  
  19  1:18  Probe  
  19  1:21  Gateway  
  20  1:26  Probe  
  21  1:34  Probe  
  22  1:46  Cybernetics Core  
  23  1:48  Pylon  
  22  2:12  Warp Gate  
  22  2:16  Probe  
  22  2:23  Stalker x2  
  26  2:31  Robotics Facility  
  26  2:54  Stalker x2  
  30  3:32  Nexus  
  30  3:39  Pylon  
  30  3:43  Pylon  
  30  3:54  Pylon  
  30  3:57  Stalker x2  
  30  4:01  Probe  
  35  4:09  Gateway  
  35  4:13  Probe  
  36  4:26  Gateway  
  36  4:30  Probe  
  37  4:42  Stalker  
  37  4:43  Probe  
  40  4:48  Probe  
  41  4:55  Probe  
  41  4:56  Probe  
  42  5:06  Probe  
  43  5:07  Probe  
  45  5:14  Probe  
  45  5:16  Observer  
  45  5:19  Probe  
  48  5:23  Probe  
  48  5:25  Assimilator  
  49  5:31  Probe  
  49  5:33  Probe  
  51  5:38  Assimilator  
  51  5:41  Pylon  
  51  5:43  Probe  
  52  5:56  Immortal  
  52  5:59  Probe  
  52  6:03  Probe  
  54  6:07  Probe  
  58  6:13  Twilight Council  
  58  6:15  Probe  
  58  6:17  Probe  
  60  6:19  Forge  
  60  6:20  Forge  
  61  6:27  Probe  
  61  6:29  Probe  
  63  6:39  Probe  
  64  6:40  Immortal  
  64  6:41  Probe  
  69  6:51  Protoss Ground Armor Level 1, Probe  
  69  6:53  Probe  
  71  7:01  Protoss Ground Weapons Level 1  
  71  7:11  Charge  
  71  7:17  Shield Battery  
  71  7:19  Immortal  
  71  7:21  Shield Battery  
  75  7:23  Templar Archives  
  75  7:25  Pylon  
  61  7:46  Stalker x2  
  61  7:47  Stalker x2  
  69  8:12  Gateway  
  61  8:13  Gateway  
  61  8:15  Gateway  
  57  8:26  Zealot x4  
  60  8:30  Pylon  
  60  8:32  Pylon  
  56  8:35  Immortal  
  60  8:41  Robotics Facility  
  60  8:42  Protoss Ground Armor Level 2, Protoss Ground Weapons Level 2  
  60  9:00  High Templar  
  60  9:01  High Templar  
  60  9:02  High Templar x2  
  68  9:06  Archon x2  
  68  9:14  Immortal  
  72  9:17  Pylon  
  72  9:19  Pylon  
  72  9:21  Zealot x3  
  78  9:31  Immortal  
  82  9:51  Pylon x2  
  82  9:53  Pylon  
  82  9:54  Nexus  
  82  9:55  Robotics Bay  
  82  9:57  Pylon  
  82  10:18  Immortal x2  
  82  10:20  Zealot x2  
  82  10:21  Zealot, High Templar x2  
  96  10:22  High Templar x2  
  104  10:30  Photon Cannon  
  104  10:36  Photon Cannon  
  104  10:43  Archon x2  
  104  10:58  Observer  
  104  10:59  Assimilator  
  104  11:03  Assimilator  
  105  11:11  Shield Battery  
  105  11:13  Zealot x3  
  105  11:14  High Templar x2  
  105  11:15  Shield Battery, High Templar x2  
  123  11:18  Shield Battery  
  123  11:22  Observer  
  124  11:35  Extended Thermal Lance  
  124  11:43  Archon x2  
  124  11:47  Colossus x2  
  132  12:11  Nexus  
  132  12:13  Pylon  
  132  12:16  Pylon  
  132  12:42  Colossus  
  132  12:44  Pylon  
  138  12:46  Colossus, Pylon  
  138  12:47  Pylon  
  107  13:46  Immortal x2  
  115  13:50  Zealot x4  
  115  13:51  High Templar x3  
  129  14:03  Archon  
  129  14:06  Probe  
  129  14:07  Probe x2  
  132  14:15  High Templar  
  132  14:26  Assimilator  
  132  14:30  Assimilator  
Show
View Real Time Build Order
Export as new Build Order

Akila Protoss - Winner!

Build Orders: Dark Templar Rush 

Get SALT Encoding   

  12  0:02  Probe  
  13  0:14  Probe  
  14  0:23  Pylon  
  14  0:26  Probe  
  15  0:41  Probe  
  16  0:45  Gateway  
  16  0:53  Probe  
  16  0:55  Assimilator  
  17  1:03  Probe  
  17  1:11  Probe  
  18  1:16  Pylon  
  19  1:20  Probe  
  20  1:35  Cybernetics Core  
  20  1:44  Assimilator  
  20  1:59  Warp Gate  
  20  2:02  Nexus  
  20  2:03  Stalker  
  22  2:31  Stalker, Probe  
  25  2:43  Probe  
  26  2:50  Gateway x2  
  26  3:01  Stalker  
  28  3:13  Twilight Council  
  28  3:20  Probe x2, Pylon  
  30  3:30  Pylon  
  30  3:42  Probe  
  30  3:45  Probe  
  32  3:50  Probe  
  33  3:57  Probe  
  33  3:58  Dark Shrine  
  33  3:59  Probe  
  35  4:05  Shield Battery  
  35  4:09  Shield Battery, Probe  
  36  4:10  Probe  
  37  4:21  Probe  
  38  4:25  Probe  
  38  4:26  Robotics Facility  
  39  4:33  Probe x2  
  41  4:42  Probe  
  43  4:45  Probe  
  43  4:54  Gateway, Probe  
  43  4:55  Gateway  
  43  4:57  Probe  
  45  5:01  Pylon  
  45  5:07  Assimilator  
  45  5:09  Probe  
  45  5:11  Assimilator  
  46  5:15  Dark Templar x2  
  46  5:17  Dark Templar  
  52  5:25  Warp Prism  
  52  5:31  Probe  
  55  5:43  Probe, Forge  
  55  5:45  Forge  
  56  5:50  Pylon  
  56  6:19  Dark Templar x3  
  62  6:32  Immortal  
  62  6:54  Zealot x3  
  62  6:55  Zealot x2  
  72  7:11  Immortal, Nexus  
  72  7:12  Probe x2  
  72  7:13  Charge  
  72  7:14  Pylon  
  76  7:16  Pylon  
  76  7:20  Assimilator  
  76  7:24  Probe  
  76  7:25  Assimilator  
  76  7:28  Pylon  
  77  7:43  Dark Templar x3  
  77  7:44  Dark Templar x2  
  85  7:50  Immortal  
  91  8:24  Dark Templar x3  
  91  8:27  Zealot x2  
  69  8:59  Dark Templar x3  
  69  9:02  Zealot x2  
  71  9:11  Protoss Ground Armor Level 1, Protoss Ground Weapons Level 1  
  65  9:27  Gateway  
  65  9:28  Gateway  
  65  9:30  Gateway  
  63  9:32  Gateway  
  63  9:34  Gateway  
  59  9:47  Probe x3  
  60  9:59  Probe x3  
  63  10:02  Zealot x2  
  63  10:03  Zealot  
  65  10:11  Probe x2  
  67  10:17  Photon Cannon  
  67  10:18  Photon Cannon  
  67  10:20  Photon Cannon  
  67  10:22  Photon Cannon  
  67  10:23  Shield Battery  
  67  10:26  Shield Battery  
  67  10:31  Photon Cannon  
  67  10:36  Pylon  
  67  10:40  Pylon  
  67  10:44  Dark Templar x2  
  67  10:45  Dark Templar  
  73  10:51  Nexus  
  73  10:54  Pylon  
  67  11:19  Zealot x3  
  67  11:20  Zealot x4  
  67  11:21  Zealot x2  
  67  11:22  Zealot  
  87  11:33  Protoss Ground Weapons Level 2  
  87  11:34  Protoss Ground Armor Level 2  
  87  11:57  Adept  
  87  11:58  Adept x3  
  87  11:59  Adept x4  
  87  12:00  Adept x2  
  107  12:14  Probe x4  
  111  12:21  Pylon  
  111  12:25  Pylon  
  111  12:26  Probe x3  
  114  12:36  Pylon  
  114  12:38  Pylon  
  114  12:41  Assimilator, Pylon  
  114  12:43  Assimilator  
  114  13:05  Pylon  
  114  13:10  Pylon  
  112  13:18  Pylon  
  72  13:37  Dark Templar x5  
  72  13:38  Dark Templar x5  
  66  14:32  Photon Cannon  
  66  14:33  Photon Cannon  
  66  14:35  Photon Cannon  
Tags
 
Add a new tag
Caveats
  • Supply blocks, unpowered buildings, or Contaminate may cause inaccurate times.
  • Supply counts are checked every 10 seconds.